 Dungeon Sprint DCSS version 0.28-a0-511-gcc94558de3 (webtiles) character file.

Game seed: 12973314249305792903

376 SkeletonJelly the Zephyrmancer (level 6, -3/32 HPs)
             Began as a Tengu Air Elementalist on Sept 22, 2021.
             Was an Initiate of Sif Muna.
             Slain by a two-headed ogre (18 damage)
             ... in the Dungeon (Sprint IX: "|||||||||||||||||||||||||||||").
             The game lasted 00:05:06 (475 turns).

SkeletonJelly the Zephyrmancer (TeAE)                Turns: 475, Time: 00:05:06

Health: -3/32      AC:  3    Str:  8    XL:     6   Next: 73%
Magic:  5/17       EV: 15    Int: 20    God:    Sif Muna [......]
Gold:   0          SH:  0    Dex: 18    Spells: 9/19 levels left

rFire   . . .      SeeInvis .   o - +2 scimitar (flame)
rCold   . . .      Faith    .   (no shield)
rNeg    . . .      Spirit   .   a - +0 robe
rPois   .          Reflect  .   (helmet restricted)
rElec   .          Harm     .   (no cloak)
rCorr   .          Rampage  .   q - +0 pair of gloves
Will    .....      NoTele   +   (boots unavailable)
Stlth   ++........              (no amulet)
HPRegen 0.10/turn               s - +3 ring of intelligence
MPRegen 0.15/turn               t - +3 ring of dexterity

@: on berserk cooldown, flying quickly and evasively, slowed, very slow
A: beak, talons 3, nimble flight
a: Renounce Religion


You were in the Dungeon.
You worshipped Sif Muna.
Sif Muna was noncommittal.
You visited 1 branch

Inventory:

Hand Weapons
 k - a +2 dire flail of protection
 l - a +2 halberd of freezing
 m - a +0 lajatang
 n - a +2 rapier of venom
 o - a +2 scimitar of flaming (weapon)
 p - a +3 war axe of flaming
Armour
 a - a +0 robe (worn)
 q - a +0 pair of gloves (worn)
 r - a +2 ring mail
Jewellery
 s - a +3 ring of intelligence (left hand)
 t - a +3 ring of dexterity (right hand)
Wands
 j - a wand of iceblast (10)
Scrolls
 g - 2 scrolls of blinking
 i - 2 scrolls of amnesia
Potions
 b - 5 potions of curing
 c - 2 potions of magic
 d - a potion of haste


   Skills:
 - Level 2.1 Dodging
 - Level 2.0 Stealth
 + Level 7.2 Spellcasting
 + Level 10.0 Conjurations
 + Level 10.6 Air Magic
 + Level 3.9 Invocations


You had 9 spell levels left.
You knew the following spells:

 Your Spells              Type           Power      Damage    Failure   Level
a - Shock                 Conj/Air       100%       1d9       1%          1
q - Airstrike             Air            25%        N/A       1%          4
s - Static Discharge      Conj/Air       48%        N/A       1%          2
S - Swiftness             Air            50%        N/A       1%          3

Your spell library contained the following spells:

 Spells                   Type           Power      Damage    Failure   Level


Dungeon Overview and Level Annotations

Branches:
Dungeon (1/1)

Altars:
Cheibriados
Dithmenos
Elyvilon
Fedhas
Gozag
Hepliaklqana
Kikubaaqudgha
Makhleb
Nemelex Xobeh
Okawaru
Qazlal
Ru
Sif Muna
Trog
Uskayaw
Vehumet
Wu Jian
Xom
Yredelemnul
Zin
The Shining One
Beogh
Jiyva
Lugonu


Innate Abilities, Weirdness & Mutations

You have a beak for a mouth.
You have claws for feet.
Your magical nature lets you fly swiftly and evasively.


Message History

Confirm with . or Enter, or press ? or * to list all spells.
You don't have enough magic to cast this spell.
Casting: Airstrike (quite dangerous; 3% risk of failure)
Confirm with . or Enter, or press ? or * to list all spells.
You don't have enough magic to cast this spell.
Casting: Airstrike (quite dangerous; 3% risk of failure)
Confirm with . or Enter, or press ? or * to list all spells.
Aiming: Shock (safe; 1% risk of failure)
Press: ? - help, Shift-Dir - straight line, f/p - troll
Aim: a troll (heavily wounded, 74% to hit)
The zap hits the troll.
The troll is heavily wounded.
You now have 2/14 mp.
Casting: Shock (safe; 1% risk of failure)
Confirm with . or Enter, or press ? or * to list all spells.
Aiming: Shock (safe; 1% risk of failure)
Press: ? - help, Shift-Dir - straight line, f/p - troll
Aim: a troll (heavily wounded, 74% to hit)
The zap hits the troll!
The troll is severely wounded.
You now have 1/14 mp.
A red film seems to cover your vision as you go berserk!
You feel yourself moving faster!
You feel mighty! The troll barely misses you. The troll claws you.
* * * LOW HITPOINT WARNING * * *
The troll claws you.
* * * LOW HITPOINT WARNING * * *
You now have 6/42 hp.
You slash the troll! You burn the troll. You peck the troll.
You kill the troll!
Sif Muna accepts your kill.
Your Spellcasting skill gained 2 levels and is now at level 7!
Your Conjurations skill gained 3 levels and is now at level 10!
Your Air Magic skill gained 2 levels and is now at level 10!
Your Invocations skill gained 3 levels and is now at level 3!
You have reached level 6!
Your experience leads to an increase in your attributes!
Your base attributes are Str 8, Int 16, Dex 15.
Increase (S)trength, (I)ntelligence, or (D)exterity?
You feel clever.
You start resting.
You feel a strong urge to attack something.
You start resting.
You feel your anger nearly subside.
You start resting.
You are no longer berserk.
You are exhausted.
You feel yourself slow down.
You now have 5/32 hp.
You start resting.
A two-headed ogre is nearby!
You regained 2 hp, and now have 7/32 hp.
You regained 3 mp, and now have 5/17 mp.
The two-headed ogre shouts in stereo!
The vampire casts a spell.
The vampire flickers and vanishes!
Unknown command.
Unknown command.
Unknown command.
Casting: Shock (safe; 1% risk of failure)
Confirm with . or Enter, or press ? or * to list all spells.
Okay, then.
Unknown command.
You already know all available spells.
Unknown command.
Okay, then.
Casting: Shock (safe; 1% risk of failure)
Confirm with . or Enter, or press ? or * to list all spells.
Aiming: Shock (safe; 1% risk of failure)
Press: ? - help, Shift-Dir - straight line, f - two-headed ogre
Aim: a two-headed ogre, wielding two +0 giant clubs (88% to hit)
The zap hits the two-headed ogre!
The two-headed ogre is lightly wounded.
The zap misses the shadow.
The zap hits the orc warrior.
The orc warrior is lightly wounded.
You now have 5/17 mp.
Casting: Shock (safe; 1% risk of failure)
Confirm with . or Enter, or press ? or * to list all spells.
Aiming: Shock (safe; 1% risk of failure)
Press: ? - help, Shift-Dir - straight line, f/p - two-headed ogre
Aim: a two-headed ogre, wielding two +0 giant clubs (lightly wounded, 88% to hit)
The zap hits the two-headed ogre but does no damage.
The two-headed ogre is lightly wounded.
The zap hits something but does no damage.
The zap hits the shadow.
The shadow is lightly damaged.
The zap hits the orc warrior.
The orc warrior is lightly wounded.
The two-headed ogre barely misses you. The two-headed ogre closely misses you.
The shadow slips into darkness.
The shadow flickers and vanishes!
You now have 4/17 mp.
Okay, then.
Okay, then.
You feel much better. The two-headed ogre misses you.
The two-headed ogre hits you with a +0 giant club!
Ouch! That really hurt!
The two-headed ogre hits you with a +0 giant club!!
Ouch! That really hurt!
You die... ▓▓▓▓▓▓▓▓▓▓▓▓▓▓▓▓▓▓▓▓ __'.T..)'..o..'O@.<▓ ▓▓▓▓▓▓▓▓▓▓▓▓▓▓▓▓▓▓▓▓

You could see a two-headed ogre and an orc warrior.

Vanquished Creatures
  A troll (D)
  An ogre (D)
  A scorpion (D)
  An ufetubus (D)
  An adder zombie (D)
  A giant cockroach (D)
  A hobgoblin (D)
  A ball python zombie (D)
  A bat (D)
  2 rats (D)
11 creatures vanquished.

Notes
Turn   | Place    | Note
-------+----------+-------------------------------------------
     0 | D        | SkeletonJelly the Tengu Air Elementalist began the quest
                  | for the Orb.
     0 | D        | Reached XP level 1. HP: 10/10 MP: 4/4
    40 | D        | Noticed an ogre
    40 | D        | Noticed a scorpion
    49 | D        | Reached skill level 5 in Air Magic
    49 | D        | Reached XP level 2. HP: 12/15 MP: 5/7
    52 | D        | Killed an ogre
    53 | D        | Reached skill level 5 in Spellcasting
    53 | D        | Reached XP level 3. HP: 6/19 MP: 2/10
    53 | D        | Reached XP level 4. HP: 7/24 MP: 2/12
    57 | D        | Killed a scorpion
    58 | D        | Gained mutation: Your magical nature lets you fly swiftly
                  | and evasively. [Tengu growth]
    58 | D        | Reached XP level 5. HP: 6/28 MP: 12/14
   310 | D        | Found a snail-covered altar of Cheibriados.
   310 | D        | Found a shadowy altar of Dithmenos.
   310 | D        | Found a white marble altar of Elyvilon.
   310 | D        | Found a blossoming altar of Fedhas.
   310 | D        | Found an opulent altar of Gozag.
   311 | D        | Found a hazy altar of Hepliaklqana.
   312 | D        | Found a viscous altar of Jiyva.
   313 | D        | Found an ancient bone altar of Kikubaaqudgha.
   314 | D        | Found a corrupted altar of Lugonu.
   315 | D        | Found a burning altar of Makhleb.
   316 | D        | Found a sparkling altar of Nemelex Xobeh.
   317 | D        | Found an iron altar of Okawaru.
   318 | D        | Found a stormy altar of Qazlal.
   319 | D        | Found a sacrificial altar of Ru.
   320 | D        | Found a shimmering blue altar of Sif Muna.
   321 | D        | Found a bloodstained altar of Trog.
   322 | D        | Found a hide-covered altar of Uskayaw.
   323 | D        | Found a radiant altar of Vehumet.
   326 | D        | Found an ornate altar of the Wu Jian Council.
   327 | D        | Found a shimmering altar of Xom.
   328 | D        | Found a basalt altar of Yredelemnul.
   329 | D        | Found a glowing silver altar of Zin.
   330 | D        | Became a worshipper of Sif Muna the Loreminder
   331 | D        | Found a glowing golden altar of the Shining One.
   369 | D        | Learned a level 2 spell: Static Discharge
   373 | D        | Learned a level 3 spell: Swiftness
   378 | D        | Learned a level 4 spell: Airstrike
   379 | D        | Noticed an orc warrior
   379 | D        | Noticed an orc warrior
   379 | D        | Noticed a shadow
   379 | D        | Noticed a vampire
   379 | D        | Noticed a two-headed ogre
   379 | D        | Noticed a troll
   450 | D        | Killed a troll
   451 | D        | Reached skill level 10 in Conjurations
   451 | D        | Reached skill level 10 in Air Magic
   451 | D        | Reached XP level 6. HP: 7/32 MP: 2/17
   475 | D        | Slain by a two-headed ogre

Illustrated notes

Levels and vault maps discovered:
D:        linesprint [early_d, line_temple, items_1, d_10, items_2, lair_1,
          lair_end, items_3, orc_1, orc_end, items_4, d_15, swamp_1, shoals_1,
          snake_1, spider_1, d_20, vaults_1, items_5, swamp_end, shoals_end,
          snake_end, spider_end, vaults_end, d_27, items_6, zot_1, zot_end,
          crypt_end, forest_end, elf_end, slime_end, tomb_end, abyss_end,
          pan_hell_end]

Skill      XL: |  1  2  3  4  5 |
---------------+----------------+-----
Conjurations   | 3 6 7 10 | 10.0
Spellcasting   | 3 5 7 |  7.2
Air Magic      | 5 7 8 10 | 10.6
Invocations    | 3 |  3.9
Dodging        | |  2.1
Stealth        | |  2.0

Action                   |  1- 3 |  4- 6 || total
-------------------------+-------+-------++-------
Melee: Scimitar          |       |     1 ||     1
       Peck              |       |     1 ||     1
 Cast: Shock             |    10 |    10 ||    20
       Airstrike         |       |     2 ||     2
       Static Discharge  |       |     2 ||     2
       Swiftness         |       |     1 ||     1
  Use: Potion            |     2 |     5 ||     7
Armor: Robe              |     2 |     2 ||     4
Dodge: Dodged            |    15 |    21 ||    36

Table legend: (Time is in decaauts)
 A = Elapsed time spent in this place.
 B = Non-inter-level travel time spent in this place.
 C = Inter-level travel time spent in this place.
 D = Time resting spent in this place.
 E = Time spent auto-exploring this place.
 F = Levels seen in this place.
 G = Mean time per level.
                   A        B        C        D        E       F      G
               +--------+--------+--------+--------+--------+-----+--------+
         Total |    471 |    471 |      0 |     56 |    246 |   1 |  471.0 |
       Dungeon |    471 |    471 |      0 |     56 |    246 |   1 |  471.0 |
               +--------+--------+--------+--------+--------+-----+--------+

Top non-repeatable levels by time:
       D: 471 daAuts
